 Dungeon Crawl Stone Soup version 0.30-b1-2-g02819fbbbe (webtiles) character file.

Game seed: 2259002919638919841

422 ElMinstaer the Ruffian (level 6, -3/62 HPs)
             Began as a Troll Berserker on May 20, 2023.
             Was a Believer of Trog.
             Succumbed to a gnoll sergeant's poison
             ... on level 3 of the Dungeon.
             The game lasted 00:07:42 (1507 turns).

ElMinstaer the Ruffian (Troll Berserker)            Turns: 1507, Time: 00:07:44

Health: -3/62      AC:  5    Str: 28    XL:     6   Next: 63%
Magic:  5/5        EV: 10    Int:  3    God:    Trog [**....]
Gold:   145        SH:  0    Dex: 12    Spells: 5/5 levels left

rFire   + . .        m - +6 war axe "Blob" {flame, rElec rPois Dex+3 Stlth-}
rCold   . . .        (no shield)
rNeg    . . .        a - +0 animal skin
rPois   +            (helmet restricted)
rElec   +            l - +0 cloak
rCorr   .            (gloves unavailable)
SInv    .            (boots unavailable)
Will    .....        (no amulet) Stlth
                     c - ring of protection from fire
HPRegen 1.10/turn    (no ring)
MPRegen 0.09/turn

%: no passive effects
@: lethally poisoned (-3 -> -10), on berserk cooldown, slowed, very slow
A: large, unfitting armour, claws 3, regeneration 1, shaggy fur 1, tough skin 1
a: Renounce Religion, Berserk, Trog's Hand


You were on level 3 of the Dungeon.
You worshipped Trog.
Trog was pleased with you.
You visited 1 branch of the dungeon, and saw 4 of its levels.

You collected 145 gold pieces.

Inventory:

Hand Weapons
 m - the +6 war axe "Blob" (weapon) {flame, rElec rPois Dex+3 Stlth-}
   (You found it on level 2 of the Dungeon)

   Dex:       It affects your dexterity (+3).
   rElec:     It insulates you from electricity.
   rPois:     It protects you from poison.
   Stlth:     It makes you less stealthy.
 s - the +6 shillelagh "Devastator" {shatter}
   (You found it on level 4 of the Dungeon)
Missiles
 d - 2 throwing nets (quivered)
Armour
 a - a +0 animal skin (worn)
 l - a +0 cloak (worn)
Jewellery
 c - a ring of protection from fire (left claw)
Scrolls
 b - a scroll of acquirement {unknown}
 e - 2 scrolls of vulnerability {unknown}
 g - a scroll of magic mapping {unknown}
 h - a scroll of amnesia {unknown}
 j - a scroll of teleportation {unknown}
 q - a scroll of enchant weapon {unknown}
Potions
 f - a potion of haste {unknown}
 i - a potion of cancellation {unknown}
 k - a potion of flight {unknown}
 n - a potion of might {unknown}
 o - a potion of brilliance {unknown}
 p - a potion of degeneration {unknown}
 r - a potion of magic {unknown}


   Skills:
 + Level 4.1 Fighting
 - Level 2.2(2.7) Axes
 * Level 2.6(3.1) Maces & Flails
 - Level 2.4 Dodging
 - Level 4.6 Unarmed Combat


You had 5 spell levels left.
You didn't know any spells.
Your spell library was empty.

Dungeon Overview and Level Annotations

Branches:
Dungeon (4/15)
 Temple: D:4-7

Altars:

Shops:
D:1 [


Innate Abilities, Weirdness & Mutations

You are too large for most types of armour.
You have claws for hands.
Your natural rate of healing is unusually fast.
You are covered in fur. (AC +1)
You have tough skin. (AC +1)


Message History

You see here the +6 shillelagh "Devastator" {shatter}.
s - the +6 shillelagh "Devastator" {shatter} The gnoll shouts! x3
The gnoll closely misses you.
The gnoll hits you from afar with a +0 halberd.
The gnoll sergeant hits you from afar with a +2 spear of venom.
You are poisoned.
You feel very sick.
You feel very sick. The gnoll closely misses you.
The gnoll sergeant closely misses you. The gnoll closely misses you.
Things that are here:
a +0 club; a +0 club The gnoll attacks as you move away!
The gnoll hits you with a +0 flail.
You feel sick. The giant cockroach bites you.
Things that are here:
a +0 club; 5 stones; a kobold corpse The gnoll attacks as you move away!
The gnoll hits you with a +0 flail.
You feel sick.
The giant cockroach bites you but does no damage.
The gnoll misses you. The gnoll sergeant closely misses you.
The giant cockroach attacks as you move away!
The giant cockroach barely misses you.
You feel sick.
The giant cockroach bites you but does no damage.
The gnoll attacks as you move away! The gnoll closely misses you.
You feel sick.
You are no longer poisoned.
The gnoll barely misses you.
The gnoll sergeant hits you from afar with a +2 spear of venom!
* * * LOW HITPOINT WARNING * * *
You are poisoned.
There is a stone staircase leading up, spattered with blood here.
* * * LOW HITPOINT WARNING * * *
You feel extremely sick.
The giant cockroach bites you but does no damage. x2
The gnoll closely misses you.
The gnoll sergeant hits you from afar with a +2 spear of venom!
* * * LOW HITPOINT WARNING * * *
You climb upwards.
You die...

#.####.###.)...............# #
#...................#.#.##.# #
######.##..###.##...###...###.#
# .............#.##...# ##.##
#.# # ...........#.#.##...#
#.####.###
#######...##.#.##.###
##.#.<..... ##..........#
##....##.### ####
###......#######.#.#.##.###
...#
#........g@B............#..
##.##
#.####.#####.###.....####..
#...###.# #.# #.# #.....# #..
..#.....# #.# #.# #.....# #..
#...##### #.# #.# ##....# #..
##.## #.#####.# ####.# ### #.#
#.......# #.# # #.#
######..#######.#### # #.#
#.............# #


You could see a gnoll and a giant cockroach.

Vanquished Creatures
  A black bear (D:3)
  2 ogres (D:4)
  4 adders
  6 gnolls
  3 worms
  A dart slug (D:2)
  8 bats
  5 endoplasms
  2 giant cockroaches
  3 goblins
  5 hobgoblins
  4 jackals (D:3)
  8 kobolds
  5 ball pythons
  5 frilled lizards
  4 rats
66 creatures vanquished.

Notes
Turn   | Place    | Note
-------+----------+-------------------------------------------
     0 | D:1      | ElMinstaer the Troll Berserker began the quest for the Orb.
     0 | D:1      | Reached XP level 1. HP: 22/22 MP: 0/0
   126 | D:1      | Reached XP level 2. HP: 27/29 MP: 1/1
   145 | D:1      | Found Jeulopn's Armour Shop.
   481 | D:2      | Reached XP level 3. HP: 35/36 MP: 2/2
   484 | D:2      | Reached ** piety under Trog
   697 | D:2      | Reached XP level 4. HP: 45/45 MP: 3/3
   839 | D:2      | Identified the +6 war axe "Blob" {flame, rElec rPois Dex+3
                  | Stlth-}
  1115 | D:3      | Reached skill level 1 in Axes
  1297 | D:3      | Noticed a black bear
  1300 | D:3      | Killed a black bear
  1301 | D:3      | Reached XP level 5. HP: 53/53 MP: 4/4
  1437 | D:3      | Found a faded altar of an unknown god.
  1478 | D:4      | Found the +6 shillelagh "Devastator" {shatter}
  1481 | D:4      | Noticed an ogre
  1481 | D:4      | Noticed an ogre
  1487 | D:4      | Killed an ogre
  1488 | D:4      | Reached skill level 1 in Maces & Flails
  1488 | D:4      | Reached XP level 6. HP: 62/62 MP: 5/5
  1506 | D:4      | HP: 1/62 [gnoll sergeant/+2 spear of venom (11)]
  1507 | D:3      | Succumbed to a gnoll sergeant's poison

Illustrated notes

Levels and vault maps discovered:
D:1:      doesnt_arrival_eight_statues, layout_rooms, serial_shops, shop
D:2:      layout_rooms
D:3:      layout_loops_ring, hellmonk_ecumenical_altar_dog_temple
D:4:      minmay_opposing_rooms, layout_loops_ring, okawaru_altar_gauntlet_db,
          minmay_temple_entry_tees, dilly_guarded_unrand_devastator

Skill      XL: |  1  2  3  4  5  6 |
---------------+-------------------+-----
Unarmed Combat | 4 |  4.6
Fighting       | 3 4 |  4.1
Axes           | 2 |  2.2
Maces & Flails | 1 2 |  2.6
Dodging        | |  2.4

Action                     |  1- 3 |  4- 6 || total
---------------------------+-------+-------++-------
  Melee: Unarmed           |    86 |    13 ||    99
         Punch             |     3 |     3 ||     6
         War axe           |       |    45 ||    45
 Invoke: Berserk           |     1 |     1 ||     2
 Armour: Animal skin       |    39 |    32 ||    71
  Dodge: Dodged            |    67 |    45 ||   112
